 Dungeon Crawl Stone Soup version 0.30-a0-862-g1aabd4f9c5 (webtiles) character file.

Game seed: 2772662304798038740

35 Zenkrye the Poker (level 3, -4/31 HPs)
             Began as a Human Cinder Acolyte on Mar 8, 2023.
             Was a High Priest of Ignis.
             Slain by Terence
             ... wielding a +1 morningstar of freezing
              (9 damage)
             ... on level 2 of the Dungeon.
             The game lasted 00:02:16 (1098 turns).

Zenkrye the Poker (Human Cinder Acolyte)            Turns: 1098, Time: 00:02:17

Health: -4/31      AC:  4    Str: 16    XL:     3   Next: 52%
Magic:  0/4        EV: 11    Int: 14    God:    Ignis [*****.]
Gold:   144        SH:  0    Dex:  8    Spells: 2/4 levels left

rFire   + . .      SeeInvis .    a - -1 spear (flame)
rCold   . . .      Faith    .    (no shield)
rNeg    . . .      Spirit   .    d - +0 leather armour
rPois   .          Reflect  .    (no helmet)
rElec   .          Rampage  .    (no cloak)
rCorr   .                        c - +0 pair of gloves
Will    .....                    (no boots)
Stlth   +                        (no amulet)
HPRegen 1.05/turn                (no ring)
MPRegen 0.09/turn                (no ring)

@: brilliant, hasted, very quick
A: regeneration 1, robust 1
a: Renounce Religion, Fiery Armour, Foxfire Swarm, Rising Flame


You were on level 2 of the Dungeon.
You worshipped Ignis.
Ignis was extremely pleased with you.
You visited 1 branch of the dungeon, and saw 2 of its levels.

You collected 144 gold pieces.

Inventory:

Hand Weapons
 a - a -1 spear of flaming (weapon)
Armour
 b - a +0 robe
 c - a +0 pair of gloves (worn)
 d - a +0 leather armour (worn)
Scrolls
 g - a scroll of noise {unknown}
 j - a scroll of identify {unknown}
Potions
 e - a potion of mutation
 h - a potion of heal wounds {unknown}
 i - a potion of haste {@q3}
 k - a potion of curing {unknown}
 l - a potion of might {unknown}
 m - a potion of attraction {unknown}


   Skills:
 - Level 3.0 Fighting
 + Level 4.3 Polearms
 - Level 1.0 Spellcasting
 - Level 3.0 Fire Magic


You had 2 spell levels left.
You knew the following spells:

 Your Spells              Type           Power      Damage    Failure   Level
a - Scorch                Fire           26%        2d6       14%         2

Your spell library contained the following spells:

 Spells                   Type           Power      Damage    Failure   Level


Dungeon Overview and Level Annotations

Branches:
Dungeon (2/15)

Altars:

Annotations:
D:2 Terence


Innate Abilities, Weirdness & Mutations

Your natural rate of healing is unusually fast.
You are robust. (+10% HP)


Message History

Terence's fire resistance burns away.
Terence misses you.
Casting: Scorch (safe; 14% risk of failure)
Confirm with . or Enter, or press ? or * to list all spells.
Flames lash Terence.
Terence is burned terribly!
Terence is severely wounded.
Terence misses you.
Okay, then.
Okay, then.
Unknown command.
You barely miss Terence.
Terence is severely wounded.
Terence hits you with a +1 morningstar of freezing!
Terence freezes you.
You hit Terence but do no damage.
Terence is severely wounded.
Terence hits you with a +1 morningstar of freezing!
Terence freezes you.
You hit Terence but do no damage.
Terence is severely wounded.
Terence closely misses you.
You hit Terence. You burn Terence.
Terence is almost dead.
You barely miss Terence. You punch Terence.
Terence is almost dead.
Terence misses you.
You hit Terence but do no damage.
Terence is almost dead.
Terence hits you with a +1 morningstar of freezing!
* * * LOW HITPOINT WARNING * * *
Terence freezes you.
* * * LOW HITPOINT WARNING * * *
It was a potion of mutation.
You feel extremely strange.
You feel robust.
You begin to heal more quickly.
Terence closely misses you.
It was a potion of brilliance.
You feel clever all of a sudden. Terence misses you.
It was a potion of haste.
You feel yourself speed up.
Terence hits you with a +1 morningstar of freezing!
You die...

# #..###.## #.#
#......# #.#
###.>#.#.######.#####
.....................#
........#....####.###.#
######.###.#.####.# #.#
..## ##.......# #.# ###
##...###### #.# #@#..#
#.# #@##..# #.# #. #..#
#.# #. #..# #.# #. #..#
#.# #. #..# #.# .. #..#
#.# ## #..# #.# #..#
####.#


You could see Terence (combustible).

Vanquished Creatures
  2 dart slugs (D:1)
  3 endoplasms
  A giant cockroach (D:2)
  A hobgoblin (D:2)
  5 jackals
  A kobold (D:1)
  2 quokkas (D:1)
  3 ball pythons
  5 bats
  3 frilled lizards (D:2)
  4 rats
30 creatures vanquished.

Notes
Turn   | Place    | Note
-------+----------+-------------------------------------------
     0 | D:1      | Zenkrye the Human Cinder Acolyte began the quest for the
                  | Orb.
     0 | D:1      | Reached XP level 1. HP: 18/18 MP: 2/2
   157 | D:1      | Reached XP level 2. HP: 23/24 MP: 3/3
   163 | D:1      | Learned a level 2 spell: Scorch
   231 | D:1      | Found a faded altar of an unknown god.
   532 | D:1      | Reached skill level 4 in Polearms
   532 | D:1      | Reached XP level 3. HP: 28/29 MP: 4/4
  1087 | D:2      | Noticed Terence
  1096 | D:2      | Gained mutation: You are robust. (+10% HP) [potion of
                  | mutation]
  1096 | D:2      | Gained mutation: Your natural rate of healing is unusually
                  | fast. [potion of mutation]
  1098 | D:2      | Slain by Terence

Illustrated notes

Levels and vault maps discovered:
D:1:      erik_arrival_orb_chamber, layout_loops_ring,
          hellmonk_ecumenical_altar_lost_god
D:2:      layout_loops_ring, uniq_terence

Skill      XL: |  1  2 |
---------------+-------+-----
Polearms       | 4 |  4.3
Fighting       | |  3.0
Spellcasting   | |  1.0
Fire Magic     | |  3.0

Action                     || total
---------------------------++-------
  Melee: Spear             ||   116
         Punch             ||     2
   Cast: Scorch            ||     3
    Use: Potion            ||     3
         Scroll            ||     2
   Stab: Sleeping          ||     1
 Armour: Robe              ||     5
         Leather armour    ||    16
  Dodge: Dodged            ||    61

Table legend: (Time is in decaauts)
 A = Elapsed time spent in this place.
 B = Non-inter-level travel time spent in this place.
 C = Inter-level travel time spent in this place.
 D = Time resting spent in this place.
 E = Time spent auto-exploring this place.
 F = Levels seen in this place.
 G = Mean time per level.
                   A        B        C        D        E       F      G
               +--------+--------+--------+--------+--------+-----+--------+
         Total |   1087 |   1066 |     21 |      7 |    834 |   2 |  543.5 |
       Dungeon |   1087 |   1066 |     21 |      7 |    834 |   2 |  543.5 |
               +--------+--------+--------+--------+--------+-----+--------+

Top non-repeatable levels by time:
     D:1: 646 daAuts
     D:2: 440 daAuts
